 Dungeon Crawl Stone Soup version 0.17-a0-1651-gae1a69f (webtiles) character file.

139 karlkraus the Shield-Bearer (level 5, 0/47 HPs)
             Began as a Minotaur Fighter on Aug 14, 2015.
             Slain by an orc priest
             ... wielding a +0 dagger
              (3 damage)
             ... on level 3 of the Dungeon.
             The game lasted 00:03:26 (1347 turns).

karlkraus the Shield-Bearer (Minotaur Fighter)      Turns: 1347, Time: 00:03:26

Health: 0/47       AC:  8    Str: 21    XL:     5   Next: 1%
Magic:  4/4        EV:  8    Int:  5    God:
Gold:   95         SH:  9    Dex: 10    Spells: 0 memorised, 4 levels left

rFire  . . .     SeeInvis .     a - +0 flail
rCold  . . .     Clarity  .     b - +0 scale mail
rNeg   . . .     SustAt   .     c - +0 shield
rPois  .         Gourm    .     (helmet restricted)
rElec  .         Spirit   .     i - +0 cloak
rCorr  .         Warding  .     (no gloves)
rMut   .         Stasis   .     (no boots)
MR     .....                    (no amulet)
Stlth  ..........               (no ring)
                                (no ring)

@: not resistant to hostile enchantments, extremely unstealthy
A: retaliatory headbutt, horns 2
a: no special abilities


You were on level 3 of the Dungeon.
You were hungry.

You visited 1 branch of the dungeon, and saw 3 of its levels.

You collected 95 gold pieces.

Inventory:

Hand weapons
 a - a +0 flail (weapon)
Armour
 b - a +0 scale mail (worn)
 c - a +0 shield (worn)
 i - a +0 cloak (worn)
Jewellery
 m - an uncursed ring of ice {unknown}
Scrolls
 f - 2 scrolls of identify {unknown}
 g - 3 scrolls of teleportation {unknown}
 k - a scroll of fear {unknown}
 l - a scroll of remove curse {unknown}
 p - a scroll of enchant armour {unknown}
Potions
 d - a potion of might
 h - a potion of heal wounds {unknown}
 j - a potion of cancellation {unknown}
 n - 3 potions of curing {unknown}
Comestibles
 e - 3 bread rations


   Skills:
 + Level 4.4 Fighting
 + Level 3.7 Maces & Flails
 + Level 4.5 Armour
 + Level 1.3 Dodging
 + Level 4.6 Shields


You had 4 spell levels left.
You didn't know any spells.

Dungeon Overview and Level Annotations

Branches:
Dungeon (3/15)

Altars:
Xom

Annotations:
D:2 Natasha


Innate Abilities, Weirdness & Mutations

You reflexively headbutt those who attack you in melee.
You have a pair of horns on your head.


Message History

No target in view!
All of the chunks of flesh in your inventory have rotted away. 2 orc priests come into view.
The orc priest shouts! x2
The orc priest invokes the aid of Beogh against you.
Something smites you!
An orc comes into view. It is wielding a club.
The orc shouts!
The orc priest mumbles some strange prayers to Beogh against you.
Something smites you!
Found a stone staircase leading down.
An orc comes into view.
You block the orc priest's attack.
The orc priest casts a cantrip, but nothing happens.
You hit the orc priest but do no damage.
The orc priest calls down the wrath of Beogh upon you.
Something smites you!
* * * LOW HITPOINT WARNING * * *
The orc priest hits you with a dagger.
You die...

.#. #. .. #. #.>.
........# #o #.##.
#.......
###o##.##.##......
#......##........#
#...oo.# #.......#
#....@.###.......#
#................#
#$.....###.##)...#
######....#†.....#
####...#.########
#####..###.#........
#.....#.#.#.########
##.######.##.# #...#
##...# #.##.####.#.#


You could see 2 orc priests and 2 orcs.

Vanquished Creatures
  Ijyb (D:2)
  Natasha (D:2)
  2 adders
  2 oozes
  2 worms
  An orc (D:3)
  8 bats
  5 hobgoblins
  8 kobolds
  A giant gecko (D:2)
  7 giant newts
  7 goblins
  7 jackals (D:1)
  7 rats
59 creatures vanquished.

Notes
Turn   | Place    | Note
--------------------------------------------------------------
     0 | D:1      | karlkraus the Minotaur Fighter began the quest for the Orb.
     0 | D:1      | Reached XP level 1. HP: 19/19 MP: 0/0
    40 | D:1      | Reached XP level 2. HP: 24/27 MP: 1/1
   234 | D:1      | Reached skill level 4 in Fighting
   360 | D:1      | Reached XP level 3. HP: 19/33 MP: 2/2
   869 | D:2      | Noticed Ijyb
   882 | D:2      | Killed Ijyb
   882 | D:2      | Reached skill level 1 in Dodging
   882 | D:2      | Reached XP level 4. HP: 31/40 MP: 3/3
   944 | D:2      | Noticed Natasha
   952 | D:2      | Killed Natasha
  1034 | D:2      | Found a shimmering altar of Xom.
  1036 | D:2      | Noticed Natasha
  1327 | D:3      | Reached XP level 5. HP: 40/47 MP: 4/4
  1347 | D:3      | Slain by an orc priest

Vault maps used:
D:1:      grunt_arrival_crossed_arrows, minmay_misc_feat_pillars,
          minmay_misc_feat_columns, minmay_newt_pond
D:2:      nicolae_overflow_hidden_temple, uniq_iyjb, uniq_natasha
D:3:      nicolae_ru_the_path_less_chosen, grunt_ministairs_1

Action                   |  1- 3 |  4- 6 || total
-------------------------+-------+-------++-------
Melee: Flail             |   120 |    37 ||   157
  Eat: Chunk             |       |     1 ||     1
